 Dungeon Crawl Stone Soup version 0.21-a0-442-g848f44b (webtiles) character file.

1332 kae the Ruffian (level 8, -6/67 HPs)
             Began as a Purple Draconian Transmuter on Nov 16, 2017.
             Killed from afar by kae's ghost (11 damage)
             ... with a stone arrow
             ... on level 6 of the Dungeon.
             The game lasted 00:08:52 (7868 turns).

kae the Ruffian (Purple Draconian Transmuter)       Turns: 7868, Time: 00:08:52

Health: -6/67      AC: 13    Str: 14    XL:     8   Next: 34%
Magic:  9/15       EV: 12    Int: 15    God:
Gold:   283        SH:  0    Dex: 13    Spells: 11/17 levels left

rFire    . . .     SeeInvis .   g - +3 mace of the Briny Deep {protect, rC+}
rCold    + . .     Gourm    .   (no shield)
rNeg     . . .     Faith    .   (armour unavailable)
rPois    .         Spirit   .   (helmet restricted)
rElec    .         Reflect  .   (no cloak)
rCorr    .         Harm     .   (no gloves)
MR       +....                  (no boots)
Stlth    +.........             (no amulet)
HPRegen  0.21/turn              (no ring)
MPRegen  0.14/turn              (no ring)

@: lethally poisoned (-6 -> -23), protection aura, very slightly contaminated
A: breathe power, unfitting armour, clever 1, wild magic 1, cold-blooded, AC +6
a: Breathe Dispelling Energy


You were on level 6 of the Dungeon.
You were not hungry.

You visited 1 branch of the dungeon, and saw 6 of its levels.

You collected 283 gold pieces.

Inventory:

Hand Weapons
 d - a -3 short sword
 f - a +0 hand axe
 g - the +3 mace of the Briny Deep (weapon) {protect, rC+}
   (You found it on level 5 of the Dungeon)

   It protects the one who uses it against injury (+AC on strike).
   It protects you from cold.
 o - a -3 short sword
Missiles
 a - 59 arrows
 x - a throwing net (quivered)
Jewellery
 e - an uncursed amulet of harm
Wands
 y - a wand of confusion (29/48)
 z - a wand of digging (4/24)
Scrolls
 i - 5 scrolls of identify
 k - a scroll of amnesia
 s - a scroll of remove curse
 v - a scroll of blinking {unknown}
Potions
 h - 3 potions of lignification
 j - 4 potions of might
 l - 2 potions of invisibility
 m - a potion of mutation
 n - 6 potions of curing
 p - a potion of resistance
 q - 3 potions of berserk rage
 r - 2 potions of heal wounds
 u - 2 potions of magic {unknown}
 w - a potion of haste {unknown}
Books
 b - a book of Changes

   Spells                             Type                      Level
   a - Beastly Appendage              Transmutation                1
   b - Sticks to Snakes               Transmutation                2
   c - Spider Form                    Transmutation/Poison         3
   d - Ice Form                       Ice/Transmutation            4
   e - Blade Hands                    Transmutation                5
 t - a Young Poisoner's Handbook

   Spells                             Type                      Level
   a - Sting                          Conjuration/Poison           1
   b - Poisonous Vapours              Poison/Air                   2
   c - Mephitic Cloud                 Conjuration/Poison/Air       3
   d - Olgreb's Toxic Radiance        Poison                       4
   e - Venom Bolt                     Conjuration/Poison           5
Comestibles
 c - 5 bread rations


   Skills:
 + Level 4.4 Fighting
 - Level 1.7 Dodging
 * Level 6.6 Unarmed Combat
 + Level 5.1 Spellcasting
 * Level 6.2 Transmutations


You had 11 spell levels left.
You knew the following spells:

 Your Spells              Type           Power        Failure   Level  Hunger
a - Beastly Appendage     Tmut           ####..       2%          1    None
b - Sticks to Snakes      Tmut           ####....     3%          2    ##.....
c - Spider Form           Tmut/Pois      ###.......   21%         3    ###....


Dungeon Overview and Level Annotations

Branches:
Dungeon (6/15)
 Temple: D:4-7

Altars:
Gozag
Qazlal
Sif Muna

Shops:
D:5 [(:

Annotations:
D:6 kae's ghost, novice GrEE


Innate Abilities, Weirdness & Mutations

You can breathe bolts of dispelling energy.
Your rich purple scales are hard. (AC +6)
You cannot fit into any form of body armour.
You are cold-blooded and may be slowed by cold attacks.
Your mind is acute. (Int +2)
Your spells are a little harder to cast, but a little more powerful.


Message History

Your ball python barely misses kae's ghost.
Your ball python closely misses kae's ghost.
Kae's ghost misses you.
Your ball python barely misses kae's ghost.
You miss kae's ghost.
Kae's ghost is lightly damaged.
You feel very sick.
Your ball python bites kae's ghost but does no damage.
Your ball python barely misses kae's ghost. x2
Kae's ghost points at you and mumbles some strange words.
The stone arrow hits you!
* * * LOW HITPOINT WARNING * * *
You hit kae's ghost but do no damage.
Your tail-slap misses kae's ghost.
Kae's ghost is lightly damaged.
* * * LOW HITPOINT WARNING * * *
You feel very sick.
Your ball python bites kae's ghost but does no damage. x2
Kae's ghost gestures at you while chanting.
The stone arrow hits you!
You die...

#.#.# #.# #.W...# #.#.#
#.# #.....# #.#.####.#
#.....### #.#.#....#
#........ #.#.#.####
#......#
#.#.#.##########......#
#...#.................#
##...###########S...#.#
..............)W@.....#
##...########<..S.....#
#...# #########.# #...#
.. #...# . #...# #...#
#...# #####


You could see kae's ghost and 2 friendly ball pythons.

Vanquished Creatures
  Edmund (D:6)
  A sky beast (D:5)
  An ice beast (D:5)
  2 ogres
  A bullfrog (D:6)
  A centaur zombie (D:6)
  A gnoll shaman (D:6)
  A jelly (D:5)
  3 orc priests
  3 bullfrog skeletons
  4 orc wizards
  A worker ant (D:4)
  An iguana (D:2)
  A killer bee zombie (D:5)
  A hound skeleton (D:5)
  5 gnolls (D:6)
  7 adders
  An ooze (D:4)
  An adder skeleton (D:5)
  5 worms
  4 dart slugs
  A leopard gecko (D:3)
  15 orcs
  13 bats
  9 giant cockroaches
  7 goblins
  7 hobgoblins
  5 jackals
  6 kobolds
  A quokka (D:4)
  2 ball pythons (D:4)
  5 frilled lizards
  A quokka zombie (D:5)
  17 rats
135 creatures vanquished.

Vanquished Creatures (collateral kills)
  Sigmund (D:2)
  A crimson imp (D:6)
  An orc (D:3)
  A bat (D:2)
4 creatures vanquished.

Grand Total: 139 creatures vanquished

Notes
Turn   | Place    | Note
-------+----------+-------------------------------------------
     0 | D:1      | kae the Draconian Transmuter began the quest for the Orb.
     0 | D:1      | Reached XP level 1. HP: 16/16 MP: 3/3
   485 | D:1      | Reached XP level 2. HP: 23/23 MP: 3/5
   859 | D:1      | Reached XP level 3. HP: 27/28 MP: 6/6
  1058 | D:2      | Noticed Sigmund
  1185 | D:2      | Learned a level 2 spell: Sticks to Snakes
  1189 | D:2      | Learned a level 3 spell: Spider Form
  1440 | D:2      | Found a deep blue altar of Sif Muna.
  1440 | D:2      | Found a stormy altar of Qazlal.
  1563 | D:2      | Found an opulent altar of Gozag.
  1587 | D:2      | Gained mutation: Your spells are a little harder to cast, but a little more powerful. [potion of mutation]
  1587 | D:2      | Gained mutation: Your mind is acute. (Int +2) [potion of mutation]
  1587 | D:2      | HP: 1/29 [adder (2)]
  1595 | D:2      | Reached XP level 4. HP: 5/36 MP: 4/7
  2191 | D:2      | Killed Sigmund
  2191 | D:2      | Reached XP level 5. HP: 21/42 MP: 4/9
  3557 | D:4      | Reached XP level 6. HP: 22/50 MP: 8/10
  4092 | D:4      | Reached skill level 5 in Unarmed Combat
  4581 | D:5      | Entered Level 5 of the Dungeon
  4584 | D:5      | Got a translucent mace
  4585 | D:5      | Identified the +3 mace of the Briny Deep {protect, rC+} (You found it on level 5 of the Dungeon)
  4637 | D:5      | Noticed a sky beast
  4672 | D:5      | Killed a sky beast
  4672 | D:5      | Your scales start taking on a rich purple colour.
  4672 | D:5      | Reached XP level 7. HP: 48/57 MP: 8/13
  4730 | D:5      | Found Uwnixt's Antique Weapon Shop.
  4813 | D:5      | Reached skill level 5 in Transmutations
  5330 | D:5      | Found Yremaj's Antique Armour Emporium.
  5692 | D:5      | Found Vagesaiss's Book Emporium.
  5767 | D:6      | Noticed kae's ghost (novice GrEE)
  6680 | D:6      | Reached XP level 8. HP: 46/66 MP: 12/15
  7470 | D:6      | Noticed Edmund
  7496 | D:6      | Killed Edmund
  7496 | D:6      | Reached skill level 5 in Spellcasting
  7868 | D:6      | Killed from afar by kae's ghost

Vault maps used:
D:1:      dpeg_arrival_ratfight
D:2:      gammafunk_temple_overflow_statue, lemuel_crystal_altar, uniq_sigmund
D:3:      palyth_stone_intersect, minmay_distorted
D:4:      first_bread, cheibrodos_sewer_entry_bend,
          hangedman_abyss_or_decor_slice
D:5:      serial_shops, nicolae_shop_statue_plus, shop, shop
D:6:      marbit_many_paths, temple_fountains, minmay_fire_ice_demons,
          uniq_edmund

Skill      XL: |  1  2  3  4  5  6  7  8 |
---------------+-------------------------+-----
Fighting       | 2 3 4 |  4.4
Transmutations | 3 4 5 6 |  6.2
Unarmed Combat | 4 5 6 |  6.6
Spellcasting   | 3 4 5 |  5.1
Dodging        | |  1.7

Action                   |  1- 3 |  4- 6 |  7- 9 || total
-------------------------+-------+-------+-------++-------
Melee: Short sword       |    62 |       |       ||    62
       Unarmed           |     6 |     9 |    69 ||    84
       Tailslap          |    19 |    22 |    13 ||    54
       Headbutt          |     3 |     9 |       ||    12
       Hand axe          |   127 |   207 |       ||   334
       Kick              |     2 |    13 |       ||    15
       Punch             |     3 |     5 |     2 ||    10
       Mace              |       |    18 |    90 ||   108
 Cast: Beastly Appendage |    10 |    10 |     1 ||    21
       Sticks to Snakes  |     1 |     4 |     7 ||    12
       Spider Form       |       |     2 |     9 ||    11
 Abil: Breathe Dispellin |       |       |     3 ||     3
  Use: Scroll            |     1 |    10 |       ||    11
       Potion            |     2 |       |       ||     2
 Stab: Sleeping          |     1 |     4 |       ||     5
  Eat: Chunk             |     3 |     9 |     7 ||    19
       Royal jelly       |       |     1 |       ||     1
       Meat ration       |       |       |     1 ||     1
Armor: Skin              |    86 |   113 |    50 ||   249
Dodge: Dodged            |   160 |   198 |   130 ||   488

Table legend:
 A = Spawn XP
 B = Non-spawn XP
 C = Spawn XP percentage of total XP
 D = Spawn monster count
 E = Non-spawn monster count
 F = Spawn count percentage of total count
 G = Total turns spent on level
                    A         B        C        D         E        F      G
               +---------+---------+-------+---------+---------+-------+---------
         Total |       0 |    1903 |   0.0 |       0 |     139 |   0.0 |  7868
               +---------+---------+-------+---------+---------+-------+---------
           D:1 |       0 |      50 |   0.0 |       0 |      29 |   0.0 |  1074
           D:2 |       0 |     231 |   0.0 |       0 |      22 |   0.0 |  1665
           D:3 |       0 |      78 |   0.0 |       0 |      30 |   0.0 |   747
           D:4 |       0 |     256 |   0.0 |       0 |      17 |   0.0 |  1179
           D:5 |       0 |     742 |   0.0 |       0 |      26 |   0.0 |  2452
           D:6 |       0 |     546 |   0.0 |       0 |      15 |   0.0 |   751
               +---------+---------+-------+---------+---------+-------+---------
